Ducks vs Flames

Created - 7 octobre 2018 at 20:35

Simulating a Pre-Season

Goals
1 2 3 OT1 SO T
Ducks 1 1 0 0 0 2
Flames 0 1 1 0 1 3
Shots
1 2 3 OT1 SO T
Ducks 12 11 7 1 9 31
Flames 2 13 11 3 9 29

1st period

1. Ducks , Mark Scheifele 3 (Claude Giroux 3, Josh Manson 1) at 5:55

Penalties :
Adam Lowry (CGY) for Fighting (Major) at 10:54, Troy Brouwer (ANA) for Fighting (Major) at 10:54, Adam Lowry (CGY) for Holding (Minor) at 17:05

2nd period

2. Ducks , William Nylander 3 (Gabriel Landeskog 3, David Backes 1) at 8:18
3. Flames , Jared Spurgeon 1 (Artem Anisimov 2) at 17:33 (PP)

Penalties :
Jared Spurgeon (CGY) for Slashing (Minor) at 8:51, Derek Forbort (ANA) for Hooking (Minor) at 12:27, David Backes (ANA) for Interference (Minor) at 17:13

3rd period

4. Flames , Artem Anisimov 1 (Viktor Arvidsson 3, John Carlson 6) at 10:50

Penalties :
Jason Garrison (CGY) for Hooking (Minor) at 1:03, Jason Garrison (CGY) for Hooking (Minor) at 4:42, Milan Lucic (ANA) for Hooking (Minor) at 11:07, Andrew Shaw (ANA) for Roughing (Minor) at 13:53

Overtime #1

No Goal

Penalties :
No Penalty

Shootout

Penalty Shot by Mark Scheifele for Ducks - Shot Misses the Net
Penalty Shot by Alexander Radulov for Flames - Shot Misses the Net
Penalty Shot by Gabriel Landeskog for Ducks - Stopped by Andrei Vasilevskiy
Penalty Shot by James van Riemsdyk for Flames - Stopped by Pekka Rinne
Penalty Shot by Wayne Simmonds for Ducks - Stopped by Andrei Vasilevskiy
Penalty Shot by Artem Anisimov for Flames - Shot Misses the Net
Penalty Shot by Claude Giroux for Ducks - Stopped by Andrei Vasilevskiy
Penalty Shot by John Carlson for Flames - Stopped by Pekka Rinne
Penalty Shot by Troy Brouwer for Ducks - Stopped by Andrei Vasilevskiy
Penalty Shot by Rick Nash for Flames - Stopped by Pekka Rinne
Penalty Shot by Brandon Dubinsky for Ducks - Stopped by Andrei Vasilevskiy
Penalty Shot by Brandon Sutter for Flames - Shot Misses the Net
Penalty Shot by Andrew Shaw for Ducks - Stopped by Andrei Vasilevskiy
Penalty Shot by Kyle Palmieri for Flames - Stopped by Pekka Rinne
Penalty Shot by David Backes for Ducks - Stopped by Andrei Vasilevskiy
Penalty Shot by Jason Garrison for Flames - Stopped by Pekka Rinne
Penalty Shot by William Nylander for Ducks - Shot Misses the Net
Penalty Shot by Jared Spurgeon for Flames - Goal!

Penalties :
No Penalty

Goalie Stats

Pekka Rinne (ANA), 27 saves from 29 shots - (0.931), OTL, 3-0-2, 65:00 minutes
Andrei Vasilevskiy (CGY), 29 saves from 31 shots - (0.935), W, 5-0-0, 65:00 minutes

Players Stats for Ducks

Player Name              G  A  P  +/- PIM S  H  SB GA TA FO     MP     PP MP  PK MP  
------------------------------------------------------------------------------------
Andrew Shaw              0  0  0   0  2   2  1  0  0  0  1/2    11:13   0:00   0:00 
Brandon Dubinsky         0  0  0   0  0   2  3  0  0  0  8/23   15:35   0:00   3:42 
Brandon Tanev            0  0  0   0  0   2  3  1  0  0  0/0    15:35   0:00   3:42 
Claude Giroux            0  1  1   0  0   6  0  0  0  0  6/11   18:33   4:21   0:00 
Colton Parayko           0  0  0   1  0   1  0  0  0  0  0/0    25:36   3:06   2:55 
David Backes             0  1  1   1  2   3  3  0  0  0  0/0    11:52   0:00   0:00 
Derek Forbort            0  0  0  -1  2   0  4  2  0  0  0/0    19:50   4:50   0:00 
Gabriel Landeskog        0  1  1   1  0   1  0  0  0  0  1/3    16:58   4:21   0:00 
Jake Dotchin             0  0  0   1  0   1  0  0  0  0  0/0    16:34   0:00   3:22 
Joakim Ryan              0  0  0  -1  0   0  0  2  0  0  0/0    22:09   4:50   0:00 
Josh Manson              0  1  1   1  0   0  2  1  0  0  0/0    24:16   3:06   2:55 
Mark Scheifele           1  0  1   0  0   5  0  0  0  0  10/21  16:48   3:35   0:00 
Milan Lucic              0  0  0   0  2   2  1  0  0  0  0/1    11:44   0:00   0:00 
Roman Polak              0  0  0   1  0   0  0  0  0  0  0/0    16:34   0:00   3:22 
Troy Brouwer             0  0  0   0  5   0  0  1  0  0  0/0    12:56   0:00   2:35 
Tyler Johnson            0  0  0   0  0   3  0  1  0  0  9/17   17:24   3:35   2:35 
Wayne Simmonds           0  0  0   0  0   0  3  0  0  0  0/0    18:33   4:21   0:00 
William Nylander         1  0  1   1  0   3  0  0  0  0  5/15   16:28   3:35   0:00 

Players Stats for Flames

Player Name              G  A  P  +/- PIM S  H  SB GA TA FO     MP     PP MP  PK MP  
------------------------------------------------------------------------------------
Adam Lowry               0  0  0   0  7   1  0  0  0  0  2/2    10:07   1:14   0:00 
Alec Martinez            0  0  0   0  0   0  6  2  0  0  0/0    25:01   0:00   4:49 
Alexander Radulov        0  0  0   0  0   4  0  1  0  0  0/0    14:30   3:16   0:00 
Artem Anisimov           1  1  2   1  0   2  0  1  0  0  22/35  24:32   3:22   1:32 
Brady Skjei              0  0  0  -1  0   0  0  2  0  0  0/0    15:24   0:00   0:43 
Brandon Sutter           0  0  0   0  0   2  0  0  0  0  20/36  24:01   3:23   5:26 
David Kampf              0  0  0   0  0   0  0  0  0  0  1/3     2:50   1:22   0:58 
James van Riemsdyk       0  0  0   0  0   1  2  0  0  0  1/2    23:54   3:04   4:32 
Jared Spurgeon           1  0  1  -1  2   3  2  2  0  0  0/0    22:13   3:19   2:47 
Jason Garrison           0  0  0   0  4   0  5  2  0  0  0/0    12:25   0:00   0:00 
John Carlson             0  1  1   0  0   5  0  4  0  0  0/0    23:22   3:19   3:53 
Jordan Martinook         0  0  0   0  0   2  0  0  0  0  0/1     8:09   0:00   1:05 
Justin Faulk             0  0  0   0  0   1  2  4  0  0  0/0    20:36   0:00   3:40 
Kyle Palmieri            0  0  0   0  0   2  0  0  0  0  0/0    18:07   2:55   0:00 
Matthew Peca             0  0  0  -1  0   2  0  0  0  0  1/1    15:00   0:00   0:00 
Rick Nash                0  0  0  -2  0   3  2  0  0  0  0/1    21:49   3:16   2:19 
Timo Meier               0  0  0   0  0   1  0  0  0  0  0/0     7:04   0:00   0:00 
Viktor Arvidsson         0  1  1  -1  0   0  1  1  0  0  6/12   17:55   2:55   0:00 

3 Stars

1 - Artem Anisimov (CGY)
2 - William Nylander (ANA)
3 - Andrei Vasilevskiy (CGY)

Power Play

Ducks - 0 on 0 Attempt(s) - 0.00%
Flames - 1 on 0 Attempt(s) - 0.00%

Penalty Kill

Ducks - -1 on 0 Attempt(s) - 0.00% - Score 0 goal in Penalty Kill
Flames - 0 on 0 Attempt(s) - 0.00% - Score 0 goal in Penalty Kill

Team Stat

Ducks - Hits : 20 - Faceoff Wins : 40 - Blocked Shots : 8 - Penalty Minutes : 13
Flames - Hits : 20 - Faceoff Wins : 53 - Blocked Shots : 19 - Penalty Minutes : 13

Official

Referees : Trevor Hanson and Kendrick Nicholson
Linesman : Andy McElman and Thor Nelson

Game Notes

Adam Lowry beats up Troy Brouwer at 10:54 of 1st period
Adam Lowry is injured at 0:24 of 3rd period (Bruised Right Foot)

% Time on Ice - Ducks

Lines # - Real PCT - Wanted PCT - Time Play
Normal Forward
1 - 25% - 25% - 11:38
2 - 24% - 25% - 11:02
3 - 25% - 25% - 11:14
4 - 26% - 25% - 11:53
Normal Defense
1 - 33% - 35% - 15:01
2 - 36% - 35% - 16:42
3 - 29% - 30% - 13:12
4 - 2% - 0% - 0:52
PP Forward
1 - 55% - 55% - 4:21
2 - 45% - 45% - 3:35
PP Defense
1 - 61% - 55% - 4:50
2 - 39% - 45% - 3:06
PK Forward
1 - 59% - 55% - 3:42
2 - 41% - 45% - 2:35
PK Defense
1 - 54% - 55% - 3:22
2 - 46% - 45% - 2:55
PK3 Forward
1 - 0% - 55%
2 - 0% - 45%
PK3 Defense
1 - 0% - 55%
2 - 0% - 45%
44 Forward
1 - 0% - 55%
2 - 0% - 45%
44 Defense
1 - 0% - 55%
2 - 0% - 45%
Last Minute Offensive  - 0:00
Last Minute Defensive  - 0:00
Total
Forward - 60:00
Defense - 60:00

% Time on Ice - Flames

Lines # - Real PCT - Wanted PCT - Time Play
Normal Forward
1 - 25% - 40% - 11:14
2 - 29% - 30% - 13:28
3 - 31% - 20% - 14:01
4 - 15% - 10% - 7:04
Normal Defense
1 - 37% - 40% - 16:56
2 - 32% - 30% - 14:41
3 - 27% - 20% - 12:27
4 - 4% - 10% - 1:43
PP Forward
1 - 54% - 60% - 3:22
2 - 46% - 40% - 2:55
PP Defense
1 - 47% - 60% - 2:58
2 - 53% - 40% - 3:19
PK Forward
1 - 81% - 60% - 6:24
2 - 19% - 40% - 1:32
PK Defense
1 - 54% - 60% - 4:16
2 - 46% - 40% - 3:40
PK3 Forward
1 - 0% - 60%
2 - 0% - 40%
PK3 Defense
1 - 0% - 60%
2 - 0% - 40%
44 Forward
1 - 0% - 60%
2 - 0% - 40%
44 Defense
1 - 0% - 60%
2 - 0% - 40%
Last Minute Offensive  - 0:00
Last Minute Defensive  - 0:00
Total
Forward - 60:00
Defense - 60:00

Play-by-Play

1st period


0:01 of 1st period - Artem Anisimov wins face-off versus Mark Scheifele in neutral zone.
0:13 of 1st period - Off-side.
0:14 of 1st period - William Nylander wins face-off versus Brandon Sutter in neutral zone.
0:33 of 1st period - Shot by Adam Lowry.
0:33 of 1st period - Shot Misses the Net.
1:18 of 1st period - Off-side.
1:19 of 1st period - Brandon Dubinsky wins face-off versus Artem Anisimov in neutral zone.
2:46 of 1st period - Rick Nash is hit by Derek Forbort and loses puck.
3:14 of 1st period - Adam Lowry is hit by Wayne Simmonds and loses puck.
3:21 of 1st period - Shot by Claude Giroux.
3:21 of 1st period - Shot Misses the Net.
3:23 of 1st period - Shot by Colton Parayko.
3:23 of 1st period - Stopped by Andrei Vasilevskiy without a rebound.
3:24 of 1st period - Artem Anisimov wins face-off versus William Nylander in Flames zone.
3:38 of 1st period - Icing by Colton Parayko.
3:39 of 1st period - Brandon Sutter wins face-off versus William Nylander in Ducks zone.
3:39 of 1st period - Adam Lowry is hit by Josh Manson and loses puck.
4:40 of 1st period - Shot by Wayne Simmonds.
4:40 of 1st period - Shot Blocked by Justin Faulk.
4:42 of 1st period - Shot by Jake Dotchin.
4:42 of 1st period - Stopped by Andrei Vasilevskiy without a rebound.
4:43 of 1st period - Brandon Dubinsky wins face-off versus Artem Anisimov in Flames zone.
4:44 of 1st period - Shot by Brandon Tanev.
4:44 of 1st period - Shot Blocked by Artem Anisimov.
4:47 of 1st period - Icing by Jared Spurgeon.
4:48 of 1st period - Artem Anisimov wins face-off versus Brandon Dubinsky in Flames zone.
4:48 of 1st period - Artem Anisimov is hit by Brandon Dubinsky.
5:55 of 1st period - Shot by Mark Scheifele.
5:55 of 1st period - Goal by Mark Scheifele - Ducks : 1 - Flames : 0.
5:56 of 1st period - Andrew Shaw wins face-off versus Viktor Arvidsson in neutral zone.
5:56 of 1st period - Andrew Shaw is hit by Rick Nash.
6:01 of 1st period - Andrew Shaw is hit by Alec Martinez.
6:19 of 1st period - Milan Lucic is hit by Alec Martinez and loses puck.
6:24 of 1st period - Shot by Andrew Shaw.
6:24 of 1st period - Shot Misses the Net.
6:28 of 1st period - Shot by Milan Lucic.
6:28 of 1st period - Shot Misses the Net.
6:31 of 1st period - Andrew Shaw is hit by Alec Martinez and loses puck.
7:07 of 1st period - Icing by Josh Manson.
7:08 of 1st period - Mark Scheifele wins face-off versus Jordan Martinook in Ducks zone.
7:27 of 1st period - Shot by Wayne Simmonds.
7:27 of 1st period - Shot Misses the Net.
7:29 of 1st period - Shot by Wayne Simmonds.
7:29 of 1st period - Shot Blocked by Jared Spurgeon.
7:31 of 1st period - Shot by Mark Scheifele.
7:31 of 1st period - Stopped by Andrei Vasilevskiy with a rebound.
7:53 of 1st period - Shot by Troy Brouwer.
7:53 of 1st period - Shot Misses the Net.
8:02 of 1st period - Icing by Derek Forbort.
8:03 of 1st period - Brandon Dubinsky wins face-off versus Brandon Sutter in Ducks zone.
8:22 of 1st period - Shot by Troy Brouwer.
8:22 of 1st period - Deflect By Brandon Dubinsky.
8:22 of 1st period - Stopped by Andrei Vasilevskiy with a rebound.
8:37 of 1st period - Shot by Kyle Palmieri.
8:37 of 1st period - Shot Misses the Net.
8:58 of 1st period - David Backes is hit by Jason Garrison.
9:22 of 1st period - Viktor Arvidsson is hit by David Backes and loses puck.
10:31 of 1st period - Shot by Mark Scheifele.
10:31 of 1st period - Shot Misses the Net.
10:45 of 1st period - Shot by Claude Giroux.
10:45 of 1st period - Deflect By Mark Scheifele.
10:45 of 1st period - Shot Blocked by Jared Spurgeon.
10:47 of 1st period - Shot by Mark Scheifele.
10:47 of 1st period - Shot Misses the Net.
10:49 of 1st period - Shot by Claude Giroux.
10:49 of 1st period - Stopped by Andrei Vasilevskiy without a rebound.
10:50 of 1st period - Brandon Dubinsky wins face-off versus Brandon Sutter in Flames zone.
10:50 of 1st period - Brandon Dubinsky is hit by Alec Martinez.
10:54 of 1st period - Adam Lowry beats up Troy Brouwer.
10:54 of 1st period - Penalty to Adam Lowry for Fighting.
10:54 of 1st period - Penalty to Troy Brouwer for Fighting.
10:55 of 1st period - Brandon Sutter wins face-off versus Brandon Dubinsky in Flames zone.
10:57 of 1st period - Kyle Palmieri is hit by Brandon Dubinsky.
11:25 of 1st period - Shot by Brandon Tanev.
11:25 of 1st period - Deflect By Milan Lucic.
11:25 of 1st period - Stopped by Andrei Vasilevskiy without a rebound.
11:26 of 1st period - Viktor Arvidsson wins face-off versus Mark Scheifele in Flames zone.
11:35 of 1st period - Shot by Claude Giroux.
11:35 of 1st period - Stopped by Andrei Vasilevskiy without a rebound.
11:36 of 1st period - William Nylander wins face-off versus Brandon Sutter in Flames zone.
11:37 of 1st period - Shot by Gabriel Landeskog.
11:37 of 1st period - Shot Misses the Net.
13:23 of 1st period - Shot by Viktor Arvidsson.
13:23 of 1st period - Deflect By James van Riemsdyk.
13:23 of 1st period - Shot Blocked by Derek Forbort.
13:41 of 1st period - Shot by Andrew Shaw.
13:41 of 1st period - Stopped by Andrei Vasilevskiy without a rebound.
13:42 of 1st period - Brandon Sutter wins face-off versus Andrew Shaw in Flames zone.
14:08 of 1st period - Off-side.
14:09 of 1st period - Artem Anisimov wins face-off versus Brandon Dubinsky in neutral zone.
14:26 of 1st period - Shot by Brandon Dubinsky.
14:26 of 1st period - Stopped by Andrei Vasilevskiy without a rebound.
14:27 of 1st period - Brandon Sutter wins face-off versus Tyler Johnson in Flames zone.
14:34 of 1st period - Shot by Kyle Palmieri.
14:34 of 1st period - Shot Misses the Net.
14:39 of 1st period - Icing by Tyler Johnson.
14:40 of 1st period - Viktor Arvidsson wins face-off versus Tyler Johnson in Ducks zone.
15:09 of 1st period - Shot by Andrew Shaw.
15:09 of 1st period - Shot Misses the Net.
15:11 of 1st period - Shot by Andrew Shaw.
15:11 of 1st period - Stopped by Andrei Vasilevskiy with a rebound.
15:37 of 1st period - Brandon Tanev is hit by Alec Martinez and loses puck.
15:51 of 1st period - Rick Nash is hit by Brandon Tanev and loses puck.
15:56 of 1st period - Shot by William Nylander.
15:56 of 1st period - Shot Blocked by Justin Faulk.
15:58 of 1st period - Shot by Brandon Tanev.
15:58 of 1st period - Shot Misses the Net.
16:43 of 1st period - Shot by James van Riemsdyk.
16:43 of 1st period - Deflect By Alexander Radulov.
16:43 of 1st period - Stopped by Pekka Rinne without a rebound.
16:44 of 1st period - Brandon Sutter wins face-off versus Gabriel Landeskog in Ducks zone.
17:05 of 1st period - Minor Penalty to Adam Lowry for Holding.
17:06 of 1st period - Claude Giroux wins face-off versus Brandon Sutter in Flames zone.
17:27 of 1st period - Shot by Gabriel Landeskog.
17:27 of 1st period - Shot Misses the Net.
17:29 of 1st period - Shot by Wayne Simmonds.
17:29 of 1st period - Shot Blocked by John Carlson.
18:08 of 1st period - Shot by Mark Scheifele.
18:08 of 1st period - Deflect By William Nylander.
18:08 of 1st period - Stopped by Andrei Vasilevskiy without a rebound.
18:09 of 1st period - Mark Scheifele wins face-off versus Brandon Sutter in Flames zone.
18:27 of 1st period - Off-side.
18:28 of 1st period - Brandon Sutter wins face-off versus Claude Giroux in neutral zone.
19:23 of 1st period - Shot by Alexander Radulov.
19:23 of 1st period - Stopped by Pekka Rinne without a rebound.
19:24 of 1st period - Viktor Arvidsson wins face-off versus Tyler Johnson in Ducks zone.
19:34 of 1st period - Colton Parayko is hit by Jared Spurgeon and loses puck.
Goals for this period are 1 for Ducks vs 0 for Flames.
Shots for this period are 12 for Ducks vs 2 for Flames.

2nd period


0:01 of 2nd period - Artem Anisimov wins face-off versus Mark Scheifele in neutral zone.
0:18 of 2nd period - Shot by Justin Faulk.
0:18 of 2nd period - Stopped by Pekka Rinne without a rebound.
0:19 of 2nd period - Adam Lowry wins face-off versus William Nylander in Ducks zone.
0:46 of 2nd period - Adam Lowry is hit by David Backes and loses puck.
1:32 of 2nd period - Brandon Tanev is hit by Jason Garrison and loses puck.
1:35 of 2nd period - Shot by Brandon Dubinsky.
1:35 of 2nd period - Shot Blocked by Jason Garrison.
1:37 of 2nd period - Shot by Derek Forbort.
1:37 of 2nd period - Shot Misses the Net.
1:39 of 2nd period - Shot by Troy Brouwer.
1:39 of 2nd period - Shot Misses the Net.
1:41 of 2nd period - Shot by Troy Brouwer.
1:41 of 2nd period - Deflect By Brandon Tanev.
1:41 of 2nd period - Stopped by Andrei Vasilevskiy without a rebound.
1:42 of 2nd period - Artem Anisimov wins face-off versus Mark Scheifele in Flames zone.
3:38 of 2nd period - Timo Meier is hit by Andrew Shaw and loses puck.
5:08 of 2nd period - Shot by James van Riemsdyk.
5:08 of 2nd period - Shot Blocked by Derek Forbort.
5:10 of 2nd period - Shot by Justin Faulk.
5:10 of 2nd period - Shot Misses the Net.
5:12 of 2nd period - Shot by David Kampf.
5:12 of 2nd period - Shot Misses the Net.
5:14 of 2nd period - Shot by Justin Faulk.
5:14 of 2nd period - Deflect By Alexander Radulov.
5:14 of 2nd period - Stopped by Pekka Rinne without a rebound.
5:15 of 2nd period - Artem Anisimov wins face-off versus William Nylander in Ducks zone.
5:25 of 2nd period - Icing by William Nylander.
5:26 of 2nd period - William Nylander wins face-off versus Viktor Arvidsson in Ducks zone.
5:34 of 2nd period - Shot by Gabriel Landeskog.
5:34 of 2nd period - Shot Blocked by Viktor Arvidsson.
5:46 of 2nd period - Jake Dotchin is hit by Rick Nash and loses puck.
6:16 of 2nd period - Off-side.
6:17 of 2nd period - Mark Scheifele wins face-off versus Artem Anisimov in neutral zone.
6:28 of 2nd period - Shot by Mark Scheifele.
6:28 of 2nd period - Stopped by Andrei Vasilevskiy without a rebound.
6:29 of 2nd period - Tyler Johnson wins face-off versus Brandon Sutter in Flames zone.
6:52 of 2nd period - Shot by Brandon Sutter.
6:52 of 2nd period - Shot Misses the Net.
6:54 of 2nd period - Shot by Brandon Sutter.
6:54 of 2nd period - Shot Misses the Net.
7:19 of 2nd period - Off-side.
7:20 of 2nd period - Mark Scheifele wins face-off versus Artem Anisimov in neutral zone.
7:33 of 2nd period - Shot by Wayne Simmonds.
7:33 of 2nd period - Shot Blocked by John Carlson.
7:35 of 2nd period - Shot by Joakim Ryan.
7:35 of 2nd period - Shot Misses the Net.
7:37 of 2nd period - Shot by Wayne Simmonds.
7:37 of 2nd period - Shot Misses the Net.
7:39 of 2nd period - Shot by Wayne Simmonds.
7:39 of 2nd period - Shot Blocked by John Carlson.
7:53 of 2nd period - Shot by Claude Giroux.
7:53 of 2nd period - Shot Misses the Net.
7:57 of 2nd period - Shot by Mark Scheifele.
7:57 of 2nd period - Stopped by Andrei Vasilevskiy without a rebound.
7:58 of 2nd period - William Nylander wins face-off versus Viktor Arvidsson in Flames zone.
7:58 of 2nd period - William Nylander is hit by Jared Spurgeon.
8:12 of 2nd period - Shot by Gabriel Landeskog.
8:12 of 2nd period - Shot Misses the Net.
8:14 of 2nd period - Shot by William Nylander.
8:14 of 2nd period - Shot Misses the Net.
8:18 of 2nd period - Shot by William Nylander.
8:18 of 2nd period - Goal by William Nylander - Ducks : 2 - Flames : 0.
8:19 of 2nd period - Brandon Sutter wins face-off versus Brandon Dubinsky in neutral zone.
8:30 of 2nd period - Shot by Adam Lowry.
8:30 of 2nd period - Stopped by Pekka Rinne without a rebound.
8:31 of 2nd period - Artem Anisimov wins face-off versus Mark Scheifele in Ducks zone.
8:51 of 2nd period - Minor Penalty to Jared Spurgeon for Slashing.
8:52 of 2nd period - Brandon Sutter wins face-off versus Mark Scheifele in Flames zone.
10:32 of 2nd period - Shot by Tyler Johnson.
10:32 of 2nd period - Stopped by Andrei Vasilevskiy without a rebound.
10:33 of 2nd period - Claude Giroux wins face-off versus David Kampf in Flames zone.
10:40 of 2nd period - Shot by Gabriel Landeskog.
10:40 of 2nd period - Stopped by Andrei Vasilevskiy without a rebound.
10:41 of 2nd period - Mark Scheifele wins face-off versus David Kampf in Flames zone.
10:50 of 2nd period - Shot by James van Riemsdyk.
10:50 of 2nd period - Deflect By David Kampf.
10:50 of 2nd period - Shot Blocked by Tyler Johnson.
10:52 of 2nd period - Shot by Timo Meier.
10:52 of 2nd period - Stopped by Pekka Rinne without a rebound.
10:53 of 2nd period - Artem Anisimov wins face-off versus Brandon Dubinsky in Ducks zone.
11:14 of 2nd period - Shot by Artem Anisimov.
11:14 of 2nd period - Shot Misses the Net.
11:44 of 2nd period - Icing by Alec Martinez.
11:45 of 2nd period - Viktor Arvidsson wins face-off versus Gabriel Landeskog in Flames zone.
11:51 of 2nd period - Icing by Derek Forbort.
11:52 of 2nd period - Brandon Sutter wins face-off versus William Nylander in Ducks zone.
11:52 of 2nd period - Adam Lowry is hit by Derek Forbort and loses puck.
12:04 of 2nd period - Kyle Palmieri is hit by Derek Forbort and loses puck.
12:07 of 2nd period - Shot by Brandon Sutter.
12:07 of 2nd period - Shot Misses the Net.
12:09 of 2nd period - Shot by Brandon Sutter.
12:09 of 2nd period - Shot Misses the Net.
12:12 of 2nd period - Adam Lowry is hit by Derek Forbort and loses puck.
12:26 of 2nd period - Icing by William Nylander.
12:27 of 2nd period - Artem Anisimov wins face-off versus William Nylander in Ducks zone.
12:27 of 2nd period - Minor Penalty to Derek Forbort for Hooking.
12:28 of 2nd period - Adam Lowry wins face-off versus Brandon Dubinsky in Ducks zone.
13:00 of 2nd period - Shot by Rick Nash.
13:00 of 2nd period - Shot Hit the Post.
13:02 of 2nd period - Shot by Rick Nash.
13:02 of 2nd period - Stopped by Pekka Rinne without a rebound.
13:03 of 2nd period - Brandon Sutter wins face-off versus Brandon Dubinsky in Ducks zone.
13:32 of 2nd period - Shot by Jared Spurgeon.
13:32 of 2nd period - Shot Misses the Net.
13:34 of 2nd period - Shot by John Carlson.
13:34 of 2nd period - Stopped by Pekka Rinne without a rebound.
13:35 of 2nd period - Artem Anisimov wins face-off versus Tyler Johnson in Ducks zone.
13:49 of 2nd period - Shot by James van Riemsdyk.
13:49 of 2nd period - Stopped by Pekka Rinne with a rebound.
14:40 of 2nd period - Shot by Mark Scheifele.
14:40 of 2nd period - Shot Blocked by Alec Martinez.
14:42 of 2nd period - Shot by Wayne Simmonds.
14:42 of 2nd period - Deflect By Mark Scheifele.
14:42 of 2nd period - Shot Misses the Net.
14:44 of 2nd period - Shot by Wayne Simmonds.
14:44 of 2nd period - Deflect By Claude Giroux.
14:44 of 2nd period - Stopped by Andrei Vasilevskiy without a rebound.
14:45 of 2nd period - Gabriel Landeskog wins face-off versus Viktor Arvidsson in Flames zone.
14:58 of 2nd period - Shot by William Nylander.
14:58 of 2nd period - Shot Misses the Net.
15:00 of 2nd period - Shot by Colton Parayko.
15:00 of 2nd period - Shot Misses the Net.
15:02 of 2nd period - Shot by Josh Manson.
15:02 of 2nd period - Shot Blocked by Brady Skjei.
15:04 of 2nd period - Shot by David Backes.
15:04 of 2nd period - Stopped by Andrei Vasilevskiy without a rebound.
15:05 of 2nd period - Mark Scheifele wins face-off versus Brandon Sutter in Flames zone.
15:20 of 2nd period - Shot by Mark Scheifele.
15:20 of 2nd period - Shot Blocked by Justin Faulk.
15:34 of 2nd period - Shot by Mark Scheifele.
15:34 of 2nd period - Deflect By Claude Giroux.
15:34 of 2nd period - Stopped by Andrei Vasilevskiy without a rebound.
15:35 of 2nd period - Tyler Johnson wins face-off versus Artem Anisimov in Flames zone.
15:36 of 2nd period - Shot by Andrew Shaw.
15:36 of 2nd period - Shot Misses the Net.
15:38 of 2nd period - Shot by Josh Manson.
15:38 of 2nd period - Shot Blocked by Brady Skjei.
16:01 of 2nd period - Shot by Tyler Johnson.
16:01 of 2nd period - Stopped by Andrei Vasilevskiy without a rebound.
16:02 of 2nd period - Viktor Arvidsson wins face-off versus Brandon Dubinsky in Flames zone.
16:02 of 2nd period - Viktor Arvidsson is hit by Brandon Tanev.
16:13 of 2nd period - Shot by Rick Nash.
16:13 of 2nd period - Shot Hit the Post.
16:33 of 2nd period - Shot by Matthew Peca.
16:33 of 2nd period - Stopped by Pekka Rinne with a rebound.
16:35 of 2nd period - Shot by Rick Nash.
16:35 of 2nd period - Stopped by Pekka Rinne without a rebound.
16:36 of 2nd period - Artem Anisimov wins face-off versus Milan Lucic in Ducks zone.
16:47 of 2nd period - Shot by Artem Anisimov.
16:47 of 2nd period - Deflect By James van Riemsdyk.
16:47 of 2nd period - Shot Misses the Net.
17:03 of 2nd period - Shot by Jared Spurgeon.
17:03 of 2nd period - Stopped by Pekka Rinne without a rebound.
17:04 of 2nd period - Brandon Sutter wins face-off versus William Nylander in Ducks zone.
17:13 of 2nd period - Minor Penalty to David Backes for Interference.
17:14 of 2nd period - Brandon Sutter wins face-off versus Brandon Dubinsky in Ducks zone.
17:31 of 2nd period - Shot by Brandon Sutter.
17:31 of 2nd period - Stopped by Pekka Rinne without a rebound.
17:32 of 2nd period - Artem Anisimov wins face-off versus Brandon Dubinsky in Ducks zone.
17:33 of 2nd period - Shot by Jared Spurgeon.
17:33 of 2nd period - Goal by Jared Spurgeon - Ducks : 2 - Flames : 1.
17:34 of 2nd period - Mark Scheifele wins face-off versus Artem Anisimov in neutral zone.
17:37 of 2nd period - Shot by Mark Scheifele.
17:37 of 2nd period - Shot Misses the Net.
17:42 of 2nd period - Mark Scheifele is hit by Justin Faulk and loses puck.
17:47 of 2nd period - Shot by Claude Giroux.
17:47 of 2nd period - Deflect By Mark Scheifele.
17:47 of 2nd period - Stopped by Andrei Vasilevskiy without a rebound.
17:48 of 2nd period - Brandon Sutter wins face-off versus Tyler Johnson in Flames zone.
19:09 of 2nd period - Icing by William Nylander.
19:10 of 2nd period - William Nylander wins face-off versus Rick Nash in Ducks zone.
19:38 of 2nd period - Shot by John Carlson.
19:38 of 2nd period - Stopped by Pekka Rinne without a rebound.
19:39 of 2nd period - Artem Anisimov wins face-off versus Brandon Dubinsky in Ducks zone.
19:52 of 2nd period - Shot by Artem Anisimov.
19:52 of 2nd period - Shot Misses the Net.
19:54 of 2nd period - Shot by Justin Faulk.
19:54 of 2nd period - Shot Blocked by Troy Brouwer.
19:58 of 2nd period - Shot by Alexander Radulov.
19:58 of 2nd period - Shot Misses the Net.
Goals for this period are 1 for Ducks vs 1 for Flames.
Shots for this period are 11 for Ducks vs 13 for Flames.

3rd period


0:01 of 3rd period - Artem Anisimov wins face-off versus Mark Scheifele in neutral zone.
0:14 of 3rd period - Shot by Claude Giroux.
0:14 of 3rd period - Deflect By Mark Scheifele.
0:14 of 3rd period - Shot Misses the Net.
0:16 of 3rd period - Shot by Mark Scheifele.
0:16 of 3rd period - Shot Misses the Net.
0:18 of 3rd period - Shot by Derek Forbort.
0:18 of 3rd period - Shot Blocked by Justin Faulk.
0:22 of 3rd period - Shot by Claude Giroux.
0:22 of 3rd period - Stopped by Andrei Vasilevskiy without a rebound.
0:23 of 3rd period - Brandon Sutter wins face-off versus Brandon Dubinsky in Flames zone.
0:23 of 3rd period - Adam Lowry is hit by Brandon Tanev and loses puck.
0:24 of 3rd period - Adam Lowry from Flames is injured at 0:24 of 3rd period (Bruised Right Foot).
0:25 of 3rd period - Brandon Dubinsky wins face-off versus Brandon Sutter in Flames zone.
0:28 of 3rd period - Shot by Brandon Tanev.
0:28 of 3rd period - Shot Misses the Net.
0:30 of 3rd period - Shot by Brandon Tanev.
0:30 of 3rd period - Stopped by Andrei Vasilevskiy without a rebound.
0:31 of 3rd period - Mark Scheifele wins face-off versus James van Riemsdyk in Flames zone.
0:48 of 3rd period - Shot by Claude Giroux.
0:48 of 3rd period - Stopped by Andrei Vasilevskiy without a rebound.
0:49 of 3rd period - Tyler Johnson wins face-off versus Brandon Sutter in Flames zone.
0:50 of 3rd period - Shot by Andrew Shaw.
0:50 of 3rd period - Shot Blocked by Jason Garrison.
1:03 of 3rd period - Minor Penalty to Jason Garrison for Hooking.
1:04 of 3rd period - Brandon Sutter wins face-off versus Claude Giroux in Flames zone.
1:26 of 3rd period - Icing by Wayne Simmonds.
1:27 of 3rd period - Artem Anisimov wins face-off versus Claude Giroux in Ducks zone.
2:20 of 3rd period - Shot by Mark Scheifele.
2:20 of 3rd period - Shot Misses the Net.
2:22 of 3rd period - Shot by William Nylander.
2:22 of 3rd period - Shot Misses the Net.
2:24 of 3rd period - Shot by Tyler Johnson.
2:24 of 3rd period - Shot Misses the Net.
3:23 of 3rd period - Shot by Jordan Martinook.
3:23 of 3rd period - Stopped by Pekka Rinne without a rebound.
3:24 of 3rd period - Tyler Johnson wins face-off versus Viktor Arvidsson in Ducks zone.
3:24 of 3rd period - Tyler Johnson is hit by Viktor Arvidsson.
3:52 of 3rd period - Shot by Andrew Shaw.
3:52 of 3rd period - Shot Misses the Net.
4:04 of 3rd period - Shot by Troy Brouwer.
4:04 of 3rd period - Deflect By Brandon Tanev.
4:04 of 3rd period - Shot Blocked by John Carlson.
4:18 of 3rd period - Shot by Troy Brouwer.
4:18 of 3rd period - Shot Misses the Net.
4:20 of 3rd period - Shot by Brandon Tanev.
4:20 of 3rd period - Shot Misses the Net.
4:27 of 3rd period - Troy Brouwer is hit by Jason Garrison and loses puck.
4:35 of 3rd period - Viktor Arvidsson is hit by Josh Manson.
4:42 of 3rd period - Minor Penalty to Jason Garrison for Hooking.
4:43 of 3rd period - Claude Giroux wins face-off versus Brandon Sutter in Flames zone.
4:57 of 3rd period - Shot by Derek Forbort.
4:57 of 3rd period - Shot Misses the Net.
5:47 of 3rd period - Icing by Josh Manson.
5:48 of 3rd period - Brandon Sutter wins face-off versus Mark Scheifele in Ducks zone.
5:56 of 3rd period - Icing by Colton Parayko.
5:57 of 3rd period - Brandon Sutter wins face-off versus Mark Scheifele in Ducks zone.
6:14 of 3rd period - Shot by Tyler Johnson.
6:14 of 3rd period - Stopped by Andrei Vasilevskiy without a rebound.
6:15 of 3rd period - Artem Anisimov wins face-off versus Mark Scheifele in Flames zone.
6:53 of 3rd period - Jared Spurgeon is hit by Brandon Dubinsky and loses puck.
7:36 of 3rd period - Shot by Kyle Palmieri.
7:36 of 3rd period - Stopped by Pekka Rinne with a rebound.
8:00 of 3rd period - Shot by Wayne Simmonds.
8:00 of 3rd period - Deflect By Mark Scheifele.
8:00 of 3rd period - Shot Misses the Net.
8:02 of 3rd period - Shot by Colton Parayko.
8:02 of 3rd period - Shot Blocked by Alec Martinez.
8:07 of 3rd period - Claude Giroux is hit by Justin Faulk and loses puck.
8:15 of 3rd period - Wayne Simmonds is hit by Alec Martinez and loses puck.
8:34 of 3rd period - Shot by Mark Scheifele.
8:34 of 3rd period - Deflect By Claude Giroux.
8:34 of 3rd period - Shot Misses the Net.
9:01 of 3rd period - Icing by Alexander Radulov.
9:02 of 3rd period - Artem Anisimov wins face-off versus Tyler Johnson in Flames zone.
9:17 of 3rd period - Shot by Milan Lucic.
9:17 of 3rd period - Stopped by Andrei Vasilevskiy without a rebound.
9:18 of 3rd period - James van Riemsdyk wins face-off versus William Nylander in Flames zone.
10:12 of 3rd period - Joakim Ryan is hit by James van Riemsdyk and loses puck.
10:30 of 3rd period - Shot by Viktor Arvidsson.
10:30 of 3rd period - Shot Misses the Net.
10:48 of 3rd period - Shot by Viktor Arvidsson.
10:48 of 3rd period - Shot Misses the Net.
10:50 of 3rd period - Shot by Artem Anisimov.
10:50 of 3rd period - Goal by Artem Anisimov - Ducks : 2 - Flames : 2.
10:51 of 3rd period - Tyler Johnson wins face-off versus Brandon Sutter in neutral zone.
11:07 of 3rd period - Minor Penalty to Milan Lucic for Hooking.
11:08 of 3rd period - Brandon Sutter wins face-off versus Brandon Dubinsky in Ducks zone.
11:35 of 3rd period - Shot by John Carlson.
11:35 of 3rd period - Stopped by Pekka Rinne without a rebound.
11:36 of 3rd period - David Kampf wins face-off versus Tyler Johnson in Ducks zone.
11:47 of 3rd period - Shot by Artem Anisimov.
11:47 of 3rd period - Shot Misses the Net.
12:27 of 3rd period - Shot by Jared Spurgeon.
12:27 of 3rd period - Stopped by Pekka Rinne without a rebound.
12:28 of 3rd period - Brandon Dubinsky wins face-off versus Artem Anisimov in Ducks zone.
12:45 of 3rd period - Shot by John Carlson.
12:45 of 3rd period - Stopped by Pekka Rinne without a rebound.
12:46 of 3rd period - Brandon Dubinsky wins face-off versus Brandon Sutter in Ducks zone.
13:30 of 3rd period - Shot by Jordan Martinook.
13:30 of 3rd period - Stopped by Pekka Rinne without a rebound.
13:31 of 3rd period - Tyler Johnson wins face-off versus Viktor Arvidsson in Ducks zone.
13:53 of 3rd period - Minor Penalty to Andrew Shaw for Roughing.
13:54 of 3rd period - Artem Anisimov wins face-off versus Brandon Dubinsky in Ducks zone.
14:06 of 3rd period - Off-side.
14:07 of 3rd period - Brandon Dubinsky wins face-off versus Brandon Sutter in neutral zone.
14:26 of 3rd period - Shot by Jared Spurgeon.
14:26 of 3rd period - Shot Blocked by Brandon Tanev.
14:35 of 3rd period - Off-side.
14:36 of 3rd period - Tyler Johnson wins face-off versus Artem Anisimov in neutral zone.
14:41 of 3rd period - Shot by Tyler Johnson.
14:41 of 3rd period - Shot Blocked by Alexander Radulov.
14:55 of 3rd period - Shot by Alexander Radulov.
14:55 of 3rd period - Stopped by Pekka Rinne with a rebound.
14:57 of 3rd period - Shot by James van Riemsdyk.
14:57 of 3rd period - Shot Misses the Net.
14:59 of 3rd period - Shot by Rick Nash.
14:59 of 3rd period - Stopped by Pekka Rinne without a rebound.
15:00 of 3rd period - Tyler Johnson wins face-off versus Brandon Sutter in Ducks zone.
15:13 of 3rd period - Shot by Jared Spurgeon.
15:13 of 3rd period - Shot Misses the Net.
15:15 of 3rd period - Shot by John Carlson.
15:15 of 3rd period - Stopped by Pekka Rinne without a rebound.
15:16 of 3rd period - Tyler Johnson wins face-off versus Artem Anisimov in Ducks zone.
15:16 of 3rd period - Tyler Johnson is hit by James van Riemsdyk.
15:28 of 3rd period - Shot by Alexander Radulov.
15:28 of 3rd period - Shot Misses the Net.
15:30 of 3rd period - Shot by Brandon Sutter.
15:30 of 3rd period - Stopped by Pekka Rinne without a rebound.
15:31 of 3rd period - Artem Anisimov wins face-off versus Tyler Johnson in Ducks zone.
15:58 of 3rd period - Shot by Gabriel Landeskog.
15:58 of 3rd period - Shot Misses the Net.
16:12 of 3rd period - Shot by Gabriel Landeskog.
16:12 of 3rd period - Shot Misses the Net.
16:14 of 3rd period - Shot by David Backes.
16:14 of 3rd period - Stopped by Andrei Vasilevskiy without a rebound.
16:15 of 3rd period - Brandon Sutter wins face-off versus Mark Scheifele in Flames zone.
16:15 of 3rd period - Brandon Sutter is hit by Wayne Simmonds.
16:27 of 3rd period - Shot by Claude Giroux.
16:27 of 3rd period - Shot Misses the Net.
16:31 of 3rd period - Shot by Claude Giroux.
16:31 of 3rd period - Deflect By Mark Scheifele.
16:31 of 3rd period - Shot Misses the Net.
16:54 of 3rd period - Icing by Claude Giroux.
16:55 of 3rd period - Mark Scheifele wins face-off versus Artem Anisimov in Ducks zone.
17:09 of 3rd period - Artem Anisimov is hit by Wayne Simmonds and loses puck.
17:18 of 3rd period - Shot by Artem Anisimov.
17:18 of 3rd period - Shot Blocked by Josh Manson.
17:50 of 3rd period - Rick Nash is hit by Milan Lucic and loses puck.
18:45 of 3rd period - Shot by Brandon Tanev.
18:45 of 3rd period - Shot Misses the Net.
18:48 of 3rd period - Icing by Jason Garrison.
18:49 of 3rd period - Viktor Arvidsson wins face-off versus William Nylander in Flames zone.
18:49 of 3rd period - John Carlson is hit by David Backes.
18:56 of 3rd period - William Nylander is hit by Jason Garrison and loses puck.
19:08 of 3rd period - Gabriel Landeskog is hit by Jason Garrison and loses puck.
19:15 of 3rd period - Shot by William Nylander.
19:15 of 3rd period - Stopped by Andrei Vasilevskiy without a rebound.
19:16 of 3rd period - Artem Anisimov wins face-off versus Brandon Dubinsky in Flames zone.
Goals for this period are 0 for Ducks vs 1 for Flames.
Shots for this period are 7 for Ducks vs 11 for Flames.

Overtime #1


0:01 of 1st overtime period - Artem Anisimov wins face-off versus Claude Giroux in neutral zone.
0:12 of 1st overtime period - Shot by James van Riemsdyk.
0:12 of 1st overtime period - Shot Blocked by Joakim Ryan.
0:31 of 1st overtime period - Off-side.
0:32 of 1st overtime period - Mark Scheifele wins face-off versus Brandon Sutter in neutral zone.
0:38 of 1st overtime period - Icing by Brandon Sutter.
0:39 of 1st overtime period - Brandon Sutter wins face-off versus Claude Giroux in Flames zone.
0:54 of 1st overtime period - Shot by Kyle Palmieri.
0:54 of 1st overtime period - Shot Misses the Net.
0:56 of 1st overtime period - Shot by Kyle Palmieri.
0:56 of 1st overtime period - Stopped by Pekka Rinne without a rebound.
0:57 of 1st overtime period - Claude Giroux wins face-off versus Artem Anisimov in Ducks zone.
2:12 of 1st overtime period - Off-side.
2:13 of 1st overtime period - Matthew Peca wins face-off versus William Nylander in neutral zone.
2:22 of 1st overtime period - Shot by Matthew Peca.
2:22 of 1st overtime period - Stopped by Pekka Rinne without a rebound.
2:23 of 1st overtime period - Claude Giroux wins face-off versus Artem Anisimov in Ducks zone.
2:48 of 1st overtime period - Shot by Artem Anisimov.
2:48 of 1st overtime period - Stopped by Pekka Rinne with a rebound.
3:29 of 1st overtime period - Shot by Brandon Sutter.
3:29 of 1st overtime period - Shot Blocked by Joakim Ryan.
3:35 of 1st overtime period - Shot by Mark Scheifele.
3:35 of 1st overtime period - Shot Misses the Net.
4:34 of 1st overtime period - Shot by David Backes.
4:34 of 1st overtime period - Stopped by Andrei Vasilevskiy without a rebound.
4:35 of 1st overtime period - Claude Giroux wins face-off versus Artem Anisimov in Flames zone.
4:59 of 1st overtime period - Shot by Artem Anisimov.
4:59 of 1st overtime period - Shot Misses the Net.
Goals for this period are 0 for Ducks vs 0 for Flames.
Shots for this period are 1 for Ducks vs 3 for Flames.

ShootOut


5:00 of 1st overtime period - Penalty Shot by Mark Scheifele for Ducks.
5:00 of 1st overtime period - Shot Misses the Net.
5:00 of 1st overtime period - Penalty Shot by Alexander Radulov for Flames.
5:00 of 1st overtime period - Shot Misses the Net.
5:00 of 1st overtime period - Penalty Shot by Gabriel Landeskog for Ducks.
5:00 of 1st overtime period - Stopped by Andrei Vasilevskiy.
5:00 of 1st overtime period - Penalty Shot by James van Riemsdyk for Flames.
5:00 of 1st overtime period - Stopped by Pekka Rinne.
5:00 of 1st overtime period - Penalty Shot by Wayne Simmonds for Ducks.
5:00 of 1st overtime period - Stopped by Andrei Vasilevskiy.
5:00 of 1st overtime period - Penalty Shot by Artem Anisimov for Flames.
5:00 of 1st overtime period - Shot Misses the Net.
5:00 of 1st overtime period - Penalty Shot by Claude Giroux for Ducks.
5:00 of 1st overtime period - Stopped by Andrei Vasilevskiy.
5:00 of 1st overtime period - Penalty Shot by John Carlson for Flames.
5:00 of 1st overtime period - Stopped by Pekka Rinne.
5:00 of 1st overtime period - Penalty Shot by Troy Brouwer for Ducks.
5:00 of 1st overtime period - Stopped by Andrei Vasilevskiy.
5:00 of 1st overtime period - Penalty Shot by Rick Nash for Flames.
5:00 of 1st overtime period - Stopped by Pekka Rinne.
5:00 of 1st overtime period - Penalty Shot by Brandon Dubinsky for Ducks.
5:00 of 1st overtime period - Stopped by Andrei Vasilevskiy.
5:00 of 1st overtime period - Penalty Shot by Brandon Sutter for Flames.
5:00 of 1st overtime period - Shot Misses the Net.
5:00 of 1st overtime period - Penalty Shot by Andrew Shaw for Ducks.
5:00 of 1st overtime period - Stopped by Andrei Vasilevskiy.
5:00 of 1st overtime period - Penalty Shot by Kyle Palmieri for Flames.
5:00 of 1st overtime period - Stopped by Pekka Rinne.
5:00 of 1st overtime period - Penalty Shot by David Backes for Ducks.
5:00 of 1st overtime period - Stopped by Andrei Vasilevskiy.
5:00 of 1st overtime period - Penalty Shot by Jason Garrison for Flames.
5:00 of 1st overtime period - Stopped by Pekka Rinne.
5:00 of 1st overtime period - Penalty Shot by William Nylander for Ducks.
5:00 of 1st overtime period - Shot Misses the Net.
5:00 of 1st overtime period - Penalty Shot by Jared Spurgeon for Flames.
5:00 of 1st overtime period - Goal by Jared Spurgeon.